[ PARTIDA AOE2 · #494248744 ]
UnrankedMongoles vs Tupi
Equipo del jugador · VICT
Equipo rival · DERR
[ ANÁLISIS DE REPETICIÓN · EXTRAÍDO DE LA PARTIDA GRABADA ]
Feudal
25:25
Castillos
30:25
Imperial
—
| APM promedio | 60.8 |
| APM pico | 123 |
| eAPM promedio | 36.3 |
| Aldeanos / militares | 83 / 9 |
Foco
⚔️ 18.8% · 🌾 81.2%
Mangonel ×8 · Battering Ram ×1
Feudal
23:16
Castillos
—
Imperial
—
| APM promedio | 51.0 |
| APM pico | 102 |
| eAPM promedio | 20.4 |
| Aldeanos / militares | 51 / 0 |
Foco
⚔️ 24.2% · 🌾 75.8%
Unknown (2550) ×2
Mapa de la partida
Recursos iniciales + cada clic de construcción. Líneas = muros · curvas = relieve. ◆ oro · ⬟ piedra · ● bayas · ✦ reliquia · ◌ hueco del cierre
Tu base· Abierta — hueco de 3t
Base de TRUM· Abierta — flanco sin cerrar
Terreno inicial suavizado · ◌ = hueco del cierre detectado · pasá el cursor para detalles
Inputs por minuto
— Swareee - - TRUM
Build order — Swareee
Primeras 150 de 167 acciones detectadas
| 0:01 | Crear | Villager (Male) ×4 |
| 0:02 | Construir | House |
| 0:02 | Construir | House |
| 1:29 | Crear | Villager (Male) |
| 1:29 | Crear | Villager (Male) |
| 2:01 | Crear | Villager (Male) |
| 2:02 | Crear | Villager (Male) |
| 2:20 | Construir | Lumber Camp |
| 2:46 | Construir | House |
| 2:47 | Construir | House |
| 2:49 | Crear | Villager (Male) |
| 2:49 | Crear | Villager (Male) |
| 3:01 | Crear | Villager (Male) |
| 3:27 | Crear | Villager (Male) |
| 3:28 | Crear | Villager (Male) |
| 3:53 | Construir | Palisade Wall |
| 3:56 | Crear | Villager (Male) |
| 4:09 | Crear | Villager (Male) |
| 4:25 | Crear | Villager (Male) |
| 4:32 | Crear | Villager (Male) |
| 5:36 | Crear | Villager (Male) |
| 5:45 | Crear | Villager (Male) |
| 6:21 | Construir | House |
| 6:22 | Crear | Villager (Male) |
| 6:38 | Crear | Villager (Male) |
| 6:44 | Investigar | Loom |
| 7:32 | Crear | Villager (Male) |
| 7:32 | Crear | Villager (Male) |
| 7:36 | Construir | Mill |
| 7:59 | Crear | Villager (Male) |
| 8:27 | Crear | Villager (Male) |
| 9:00 | Crear | Villager (Male) |
| 9:15 | Crear | Villager (Male) |
| 9:49 | Crear | Villager (Male) |
| 9:49 | Crear | Villager (Male) |
| 9:49 | Crear | Villager (Male) |
| 9:54 | Construir | House |
| 11:22 | Crear | Villager (Male) |
| 11:22 | Crear | Villager (Male) |
| 11:23 | Crear | Villager (Male) |
| 11:23 | Crear | Villager (Male) |
| 12:03 | Crear | Villager (Male) |
| 13:39 | Crear | Villager (Male) |
| 13:39 | Crear | Villager (Male) |
| 13:39 | Crear | Villager (Male) |
| 13:39 | Crear | Villager (Male) |
| 13:42 | Construir | House |
| 14:41 | Construir | Lumber Camp |
| 14:43 | Construir | Lumber Camp |
| 15:04 | Crear | Villager (Male) |
| 15:04 | Crear | Villager (Male) |
| 15:10 | Construir | House |
| 15:24 | Construir | House |
| 15:31 | Construir | House |
| 15:32 | Construir | Palisade Wall |
| 15:36 | Construir | Palisade Wall |
| 15:37 | Construir | Palisade Wall |
| 15:39 | Construir | Palisade Wall |
| 15:47 | Crear | Villager (Male) |
| 15:50 | Construir | Lumber Camp |
| 16:02 | Construir | House |
| 16:41 | Crear | Villager (Male) |
| 16:51 | Construir | Palisade Wall |
| 17:27 | Construir | Farm |
| 17:30 | Construir | Farm |
| 17:36 | Crear | Villager (Male) |
| 17:36 | Crear | Villager (Male) |
| 18:12 | Crear | Villager (Male) |
| 18:12 | Crear | Villager (Male) |
| 18:48 | Construir | Farm |
| 18:50 | Construir | Farm |
| 18:51 | Construir | Farm |
| 18:55 | Construir | Farm |
| 18:57 | Crear | Villager (Male) |
| 18:57 | Crear | Villager (Male) |
| 19:12 | Crear | Villager (Male) |
| 19:12 | Crear | Villager (Male) |
| 19:22 | Construir | Farm |
| 19:40 | Crear | Villager (Male) |
| 20:11 | Crear | Villager (Male) |
| 20:18 | Construir | Farm |
| 20:28 | Crear | Villager (Male) |
| 20:28 | Crear | Villager (Male) |
| 20:41 | Construir | Palisade Wall |
| 20:42 | Construir | Palisade Wall |
| 20:47 | Construir | Palisade Wall |
| 20:54 | Construir | Palisade Wall |
| 21:01 | Crear | Villager (Male) |
| 21:18 | Construir | Farm |
| 21:19 | Construir | Farm |
| 21:25 | Construir | Lumber Camp |
| 21:50 | Construir | Farm |
| 21:54 | Crear | Villager (Male) |
| 21:56 | Crear | Villager (Male) |
| 21:56 | Crear | Villager (Male) |
| 22:10 | Construir | House |
| 22:12 | Construir | House |
| 22:38 | Construir | Farm |
| 22:49 | Construir | Mining Camp |
| 22:55 | Construir | Mining Camp |
| 23:15 | Investigar | Feudal Age |
| 23:33 | Construir | House |
| 23:35 | Construir | House |
| 23:35 | Construir | House |
| 24:01 | Construir | House |
| 24:20 | Construir | Palisade Wall |
| 24:24 | Construir | Palisade Wall |
| 24:25 | Construir | Palisade Wall |
| 24:29 | Crear | Villager (Male) |
| 24:52 | Construir | Farm |
| 24:55 | Construir | Farm |
| 25:14 | Construir | Farm |
| 25:25 | Construir | Farm |
| 25:25 | Edad | Edad Feudal |
| 25:58 | Construir | Blacksmith |
| 26:03 | Crear | Villager (Male) |
| 26:10 | Construir | Watch Tower |
| 27:02 | Construir | Market |
| 27:12 | Investigar | Double-Bit Axe |
| 27:45 | Investigar | Castle Age |
| 28:09 | Investigar | Fletching |
| 28:28 | Crear | Villager (Male) |
| 28:53 | Construir | Farm |
| 29:06 | Construir | Farm |
| 29:19 | Construir | Farm |
| 30:25 | Edad | Edad de los Castillos |
| 30:41 | Construir | Siege Workshop |
| 30:49 | Crear | Villager (Male) |
| 30:58 | Crear | Mangonel |
| 31:13 | Crear | Villager (Male) |
| 31:15 | Investigar | Bow Saw |
| 31:24 | Crear | Mangonel |
| 31:24 | Crear | Villager (Male) |
| 31:24 | Crear | Villager (Male) |
| 31:53 | Crear | Villager (Male) |
| 32:01 | Crear | Mangonel |
| 32:22 | Crear | Villager (Male) |
| 32:57 | Crear | Villager (Male) |
| 33:12 | Crear | Villager (Male) |
| 33:44 | Crear | Villager (Male) |
| 33:45 | Crear | Villager (Male) |
| 34:16 | Crear | Battering Ram |
| 34:31 | Crear | Villager (Male) |
| 34:32 | Crear | Villager (Male) |
| 35:04 | Construir | Mining Camp |
| 35:22 | Crear | Mangonel |
| 35:25 | Crear | Villager (Male) |
| 35:26 | Crear | Villager (Male) |
| 35:43 | Crear | Villager (Male) |
| 35:52 | Construir | Town Center |
Build order — TRUM
103 acciones detectadas en el replay
| 0:01 | Crear | Villager (Male) |
| 0:02 | Construir | House |
| 0:02 | Construir | House |
| 0:13 | Crear | Villager (Male) |
| 0:13 | Crear | Villager (Male) |
| 0:17 | Crear | Villager (Male) |
| 1:00 | Crear | Villager (Male) |
| 1:51 | Crear | Villager (Male) |
| 1:51 | Crear | Villager (Male) |
| 2:01 | Crear | Villager (Male) |
| 2:15 | Construir | Settlement |
| 2:23 | Crear | Villager (Male) |
| 3:09 | Crear | Villager (Male) |
| 3:09 | Crear | Villager (Male) |
| 3:09 | Crear | Villager (Male) |
| 4:28 | Crear | Villager (Male) |
| 4:33 | Investigar | Loom |
| 4:33 | Investigar | Loom |
| 5:25 | Crear | Villager (Male) |
| 5:25 | Crear | Villager (Male) |
| 5:25 | Crear | Villager (Male) |
| 5:26 | Crear | Villager (Male) |
| 5:26 | Crear | Villager (Male) |
| 5:26 | Crear | Villager (Male) |
| 5:26 | Crear | Villager (Male) |
| 6:24 | Construir | House |
| 6:48 | Construir | Town Center |
| 7:32 | Crear | Villager (Male) |
| 7:33 | Crear | Villager (Male) |
| 7:33 | Crear | Villager (Male) |
| 7:33 | Crear | Villager (Male) |
| 8:10 | Crear | Villager (Male) |
| 8:10 | Crear | Villager (Male) |
| 8:43 | Construir | Palisade Wall |
| 9:13 | Construir | Palisade Wall |
| 11:29 | Construir | Palisade Wall |
| 11:37 | Construir | Palisade Wall |
| 11:55 | Construir | Palisade Wall |
| 12:57 | Crear | Villager (Male) |
| 12:57 | Crear | Villager (Male) |
| 13:24 | Crear | Villager (Male) |
| 13:24 | Crear | Villager (Male) |
| 13:33 | Crear | Villager (Male) |
| 13:47 | Construir | House |
| 13:54 | Crear | Villager (Male) |
| 14:33 | Crear | Villager (Male) |
| 14:33 | Crear | Villager (Male) |
| 14:34 | Crear | Villager (Male) |
| 14:45 | Construir | Settlement |
| 14:58 | Crear | Villager (Male) |
| 14:58 | Crear | Villager (Male) |
| 15:52 | Crear | Villager (Male) |
| 16:15 | Crear | Villager (Male) |
| 17:15 | Crear | Villager (Male) |
| 17:48 | Crear | Villager (Male) |
| 17:54 | Construir | Farm |
| 18:08 | Construir | House |
| 18:23 | Crear | Villager (Male) |
| 18:27 | Construir | Farm |
| 18:41 | Construir | Farm |
| 19:06 | Crear | Villager (Male) |
| 19:33 | Construir | Farm |
| 21:06 | Investigar | Feudal Age |
| 21:06 | Investigar | Feudal Age |
| 23:16 | Edad | Edad Feudal |
| 23:16 | Investigar | Double-Bit Axe |
| 23:16 | Investigar | Double-Bit Axe |
| 23:19 | Crear | Villager (Male) |
| 23:19 | Crear | Villager (Male) |
| 24:36 | Construir | Settlement |
| 25:34 | Crear | Villager (Male) |
| 25:52 | Construir | Watch Tower |
| 25:54 | Crear | Villager (Male) |
| 26:10 | Construir | Palisade Wall |
| 26:11 | Construir | Palisade Wall |
| 26:12 | Construir | Palisade Wall |
| 26:57 | Crear | Villager (Male) |
| 27:32 | Construir | Blacksmith |
| 28:21 | Crear | Villager (Male) |
| 28:23 | Construir | Farm |
| 28:25 | Construir | Farm |
| 28:46 | Construir | Farm |
| 29:09 | Construir | Farm |
| 29:09 | Construir | Farm |
| 29:11 | Construir | Farm |
| 29:57 | Investigar | Fletching |
| 29:57 | Investigar | Fletching |
| 30:06 | Construir | House |
| 30:10 | Construir | Stone Wall |
| 30:25 | Construir | Stone Wall |
| 30:42 | Crear | Villager (Male) |
| 30:51 | Construir | Market |
| 31:05 | Construir | Watch Tower |
| 31:12 | Construir | Barracks |
| 31:38 | Construir | Palisade Wall |
| 31:40 | Construir | Palisade Wall |
| 32:13 | Crear | Villager (Male) |
| 32:17 | Construir | Settlement |
| 33:52 | Construir | Watch Tower |
| 36:10 | Crear | Unit 2550 |
| 36:10 | Crear | Unit 2550 |
| 36:36 | Construir | Town Center |
| 38:52 | Construir | Watch Tower |
Cronología de la partida
| 3:53 | Swareee · wall_segment Palisade Wall x5 |
| 8:43 | TRUM · wall_segment Palisade Wall x1 |
| 9:13 | TRUM · wall_segment Palisade Wall x1 |
| 11:29 | TRUM · wall_segment Palisade Wall x1 |
| 11:37 | TRUM · wall_segment Palisade Wall x1 |
| 11:55 | TRUM · wall_segment Palisade Wall x1 |
| 15:32 | Swareee · wall_segment Palisade Wall x1 |
| 15:36 | Swareee · wall_segment Palisade Wall x1 |
| 15:37 | Swareee · wall_segment Palisade Wall x1 |
| 15:39 | Swareee · wall_segment Palisade Wall x1 |
| 16:51 | Swareee · wall_segment Palisade Wall x1 |
| 20:41 | Swareee · wall_segment Palisade Wall x1 |
| 20:42 | Swareee · wall_segment Palisade Wall x1 |
| 20:47 | Swareee · wall_segment Palisade Wall x1 |
| 20:54 | Swareee · wall_segment Palisade Wall x1 |
| 23:16 | TRUM · age_up feudal |
| 24:20 | Swareee · wall_segment Palisade Wall x5 |
| 24:24 | Swareee · wall_segment Palisade Wall x1 |
| 24:25 | Swareee · wall_segment Palisade Wall x1 |
| 25:25 | Swareee · age_up feudal |
| 26:10 | TRUM · wall_segment Palisade Wall x1 |
| 26:11 | TRUM · wall_segment Palisade Wall x1 |
| 26:12 | TRUM · wall_segment Palisade Wall x1 |
| 30:10 | TRUM · wall_segment Stone Wall x1 |
| 30:25 | TRUM · wall_segment Stone Wall x1 |
| 30:25 | Swareee · age_up castle |
| 30:41 | Swareee · first_building Siege Workshop |
| 31:12 | TRUM · first_building Barracks |
| 31:38 | TRUM · wall_segment Palisade Wall x9 |
| 31:40 | TRUM · wall_segment Palisade Wall x4 |
| 34:13 | Swareee · first_market_sell 100 wood |
| 35:38 | TRUM · first_market_sell 100 wood |
| 35:39 | TRUM · first_market_buy 100 stone |
| 35:47 | Swareee · first_market_buy 100 stone |
| 39:24 | TRUM · resign |
[ ANÁLISIS IA · 1 CRÉDITO ]
¿Qué pasó realmente en esta partida?
Wolo.gg analiza cada decisión: build order, eco, micro, errores típicos por bracket. Análisis personalizado por WhatsApp o Discord en 30 segundos.
Guía civ
Mongoles
Perfil
Swareee